 Dungeon Crawl Stone Soup version 0.22.1-1-ga44c0e5 (webtiles) character file.

462 Lauz the Slasher (level 6, -2/53 HPs)
             Began as a Draconian Fighter on Nov 4, 2018.
             Slain by a gnoll
             ... wielding a +0 halberd
              (12 damage)
             ... on level 3 of the Dungeon.
             The game lasted 00:12:51 (3650 turns).

Lauz the Slasher (Draconian Fighter)                Turns: 3650, Time: 00:12:54

Health: -2/53      AC:  6    Str: 19    XL:     6   Next: 79%
Magic:  6/6        EV: 10    Int: 10    God:
Gold:   130        SH:  9    Dex: 10    Spells: 5/5 levels left

rFire    . . .     SeeInvis .   a - +0 long sword
rCold    + . .     Gourm    +   b - +0 shield
rNeg     . . .     Faith    .   (armour unavailable)
rPois    .         Spirit   .   (helmet restricted)
rElec    .         Reflect  .   (no cloak)
rCorr    .         Harm     .   (no gloves)
MR       +....                  (no boots)
Stlth    +.........             p - amulet of the gourmand
HPRegen  0.17/turn              h - ring of protection from cold
MPRegen  0.10/turn              s - ring of protection from magic

@: no status effects
A: unfitting armour, cold-blooded, AC +6
a: no special abilities


You were on level 3 of the Dungeon.
You were completely stuffed.

You visited 1 branch of the dungeon, and saw 4 of its levels.

You collected 130 gold pieces.

Inventory:

Hand Weapons
 a - a +0 long sword (weapon)
Armour
 b - a +0 shield (worn)
Jewellery
 h - a ring of protection from cold (left hand)
 p - an amulet of the gourmand (around neck)
 s - a ring of protection from magic (right hand)
Wands
 q - a wand of flame (11)
Scrolls
 e - a scroll of magic mapping {unknown}
 i - 3 scrolls of identify
 m - 2 scrolls of enchant weapon {unknown}
 n - 2 scrolls of amnesia {unknown}
 o - a scroll of remove curse {unknown}
 t - 5 scrolls of teleportation {unknown}
 u - a scroll of enchant armour {unknown}
Potions
 c - 2 potions of might
 f - 2 potions of resistance {unknown}
 g - 2 potions of heal wounds
 j - 3 potions of brilliance {unknown}
 k - a potion of curing {unknown}
 l - a potion of haste {unknown}
 r - a potion of lignification {unknown}
 w - a potion of cancellation {unknown}
Comestibles
 d - 7 rations


   Skills:
 + Level 4.5 Fighting
 * Level 5.6 Long Blades
 - Level 2.6 Dodging
 + Level 1.2 Stealth
 + Level 4.4 Shields


You had 5 spell levels left.
You didn't know any spells.
Your spell library was empty.

Dungeon Overview and Level Annotations

Branches:
Dungeon (4/15)
 Temple: D:4-7

Altars:


Innate Abilities, Weirdness & Mutations

Your plain brown scales are hard. (AC +6)
You cannot fit into any form of body armour.
You are cold-blooded and may be slowed by cold attacks.


Message History

You block the orc priest's attack. The gnoll misses you.
The gnoll hits you but does no damage.
Things that are here:
a mace x2; an orc corpse You slash the gnoll!
The gnoll is severely wounded.
The orc priest barely misses you.
You riposte.
You slash the orc priest!
The orc priest is severely wounded.
The gnoll hits you with a whip!
* * * LOW HITPOINT WARNING * * *
The gnoll hits you with a halberd.
* * * LOW HITPOINT WARNING * * *
The orc priest hits you but does no damage.
Your shield prevents you from hitting the gnoll.
Your tail-slap misses the gnoll.
The gnoll is severely wounded.
You block the gnoll's attack. The orc priest hits you with a dagger.
* * * LOW HITPOINT WARNING * * *
The gnoll hits you with a halberd!
You die...

#.###.#.###......#......###.#
###.....).# ####...........##.##
##....#..### #...######.#.##.##
#........# #.### #......##
..#.#.##.# #.# ###.....#
.##.#....# #.###########.....
##..###..# #.##..............
##.####..## #g##.[.........<..
..........######@##..............
.########.....)o>g(............##
.# ###########.........#### .#
#.........# ## ###########


You could see an orc priest and 2 gnolls.

Vanquished Creatures
  An ice beast (D:3)
  A centaur (D:2)
  An orc wizard (D:3)
  Jessica (D:3)
  An iguana (D:3)
  Robin (D:2)
  5 gnolls
  5 adders
  An ooze (D:3)
  6 worms
  2 dart slugs (D:2)
  2 leopard geckos
  5 orcs (D:3)
  A giant cockroach (D:3)
  11 goblins (D:2)
  6 hobgoblins
  2 jackals (D:3)
  4 kobolds
  A quokka (D:2)
  2 ball pythons
  6 bats
  10 frilled lizards
  12 rats
87 creatures vanquished.

Vanquished Creatures (others)
  A goblin (D:2)
1 creature vanquished.

Grand Total: 88 creatures vanquished

Notes
Turn   | Place    | Note
-------+----------+-------------------------------------------
     0 | D:1      | Lauz the Draconian Fighter began the quest for the Orb.
     0 | D:1      | Reached XP level 1. HP: 19/19 MP: 1/1
   277 | D:1      | Reached XP level 2. HP: 19/26 MP: 2/2
  1020 | D:2      | Noticed a centaur
  1030 | D:2      | HP: 1/26 [centaur (4)]
  1032 | D:2      | Killed a centaur
  1032 | D:2      | Reached skill level 3 in Long Blades
  1032 | D:2      | Reached XP level 3. HP: 33/33 MP: 3/3
  1032 | D:2      | Reached XP level 4. HP: 40/40 MP: 4/4
  1375 | D:2      | Noticed Robin
  1390 | D:2      | Reached XP level 5. HP: 29/46 MP: 5/5
  1401 | D:2      | HP: 2/46 [Robin/whip of flaming (1)]
  1404 | D:2      | Killed Robin
  1775 | D:2      | Reached skill level 4 in Long Blades
  2516 | D:3      | Reached skill level 1 in Stealth
  2595 | D:3      | Noticed an ice beast
  2607 | D:3      | Killed an ice beast
  2607 | D:3      | Reached XP level 6. HP: 23/53 MP: 6/6
  2796 | D:3      | Reached skill level 5 in Long Blades
  3151 | D:3      | Noticed Jessica
  3157 | D:3      | Killed Jessica
  3650 | D:3      | Slain by a gnoll

Skill      XL: |  1  2  3  4  5  6 |
---------------+-------------------+-----
Long Blades    | 3 4 5 |  5.6
Fighting       | 4 |  4.5
Shields        | 4 |  4.4
Stealth        | 1 |  1.2
Dodging        | |  2.6

Action                   |  1- 3 |  4- 6 || total
-------------------------+-------+-------++-------
Melee: Long sword        |    60 |   247 ||   307
       Tailslap          |     7 |    40 ||    47
  Use: Potion            |     1 |     1 ||     2
       Scroll            |     1 |       ||     1
 Stab: Sleeping          |     1 |       ||     1
  Eat: Chunk             |       |    20 ||    20
Armor: Skin              |    21 |    51 ||    72
Dodge: Dodged            |    29 |   115 ||   144
Block: Shield            |    34 |   132 ||   166
       Rpst.: Long sword |     6 |    32 ||    38
